 Dungeon Crawl Stone Soup version 0.18.1-8-gdd0e5ea (webtiles) character file.

18 M4edhros the Caller (level 2, 0/19 HPs)
             Began as a Formicid Summoner on June 1, 2016.
             Was an Initiate of Ru.
             Slain by a giant gecko (3 damage)
             ... on level 3 of the Dungeon.
             The game lasted 00:06:50 (547 turns).

M4edhros the Caller (Formicid Summoner)              Turns: 547, Time: 00:06:51

Health: 0/19       AC:  3    Str: 12    XL:     2   Next: 85%
Magic:  0/5        EV: 12    Int: 14    God:    Ru [......]
Gold:   61         SH:  0    Dex: 11    Spells: 1 memorised, 4 levels left

rFire  . . .     SeeInvis +     e - +1 short sword (flame)
rCold  . . .     Gourm    .     a - +1 robe
rNeg   . . .     Faith    .     (no shield)
rPois  .         Spirit   .     (helmet unavailable)
rElec  .         Dismiss  .     (no cloak)
rCorr  .         Reflect  .     (no gloves)
SustAt .         Harm     .     (no boots)
MR     .....                    (no amulet)
Stlth  ++........               (no ring)
                                (no ring)

@: very slightly contaminated, not resistant to hostile enchantments, unstealthy
A: permanent stasis, dig shafts and tunnels, four strong arms, antennae 3
a: Dig, Shaft Self, Renounce Religion


You were on level 3 of the Dungeon.
You worshipped Ru.
Ru was noncommittal.
You were not hungry.

You visited 1 branch of the dungeon, and saw 3 of its levels.

You collected 61 gold pieces.

Inventory:

Hand Weapons
 e - a +1 short sword of flaming (weapon)
Armour
 a - a +1 robe (worn)
Scrolls
 g - 3 scrolls of noise {unknown}
Potions
 d - 3 potions of flight
Books
 b - a book of Callings

   Spells                             Type                      Level
   a - Summon Small Mammal            Summoning                    1
   b - Call Imp                       Summoning                    2
   c - Call Canine Familiar           Summoning                    3
   d - Summon Guardian Golem          Hexes/Summoning              3
   e - Summon Lightning Spire         Summoning/Air                4
   f - Summon Ice Beast               Ice/Summoning                4
Comestibles
 c - 2 bread rations
 i - a beef jerky


   Skills:
 - Level 1.7 Dodging
 * Level 3.2 Stealth
 - Level 2.1 Spellcasting
 * Level 4.4 Summonings


You had 4 spell levels left.
You knew the following spells:

 Your Spells              Type           Power        Failure   Level  Hunger
a - Summon Small Mammal   Summ           ##..         4%          1    #......


Dungeon Overview and Level Annotations

Branches:
Dungeon (3/15)

Altars:
Ashenzari
Elyvilon
Pakellas
Ru

Annotations:
D:2 Robin


Innate Abilities, Weirdness & Mutations

You are under a permanent stasis effect.
You can dig through walls and to a lower floor.
Your four strong arms can wield two-handed weapons with a shield.
You have a pair of large antennae on your head (SInv).


Message History

It is a scroll of enchant armour.
Enchant which item? (? for menu, Esc to quit)
Your +0 robe glows green for a moment.
The bat hits your rat but does no damage.
The giant gecko closely misses you.
Okay, then.
Unknown command.
Unknown command.
You aren't carrying any items that you can evoke.
Drink which item? (? for menu, Esc to quit)
Okay, then.
Unknown command.
Unknown command.
You closely miss the giant gecko.
The giant gecko is moderately wounded.
The giant gecko bites you but does no damage.
You closely miss the giant gecko.
The giant gecko is moderately wounded.
The bat closely misses you. The giant gecko bites you.
You die...

###### ####.....#
#########........#
#...<#..r.........
#....#.##l@.......
#.....r.#.........
#.........r.......
+...>.....b.......
#..........#......
#..........######.
#............
###..#.#.....
#?.#...#...


You could see a giant gecko, a bat and 2 friendly rats.

Vanquished Creatures
  A dart slug (D:1)
  3 goblins (D:1)
  2 hobgoblins (D:1)
  A kobold (D:1)
  A bat (D:1)
  2 rats (D:1)
10 creatures vanquished.

Vanquished Creatures (collateral kills)
  A giant cockroach (D:2)
  A goblin (D:2)
  2 hobgoblins (D:2)
  A bat (D:2)
5 creatures vanquished.

Vanquished Creatures (others)
  A lightning spire (D:2)
  2 bushes (D:2)
3 creatures vanquished.

Grand Total: 18 creatures vanquished

Notes
Turn   | Place    | Note
--------------------------------------------------------------
     0 | D:1      | M4edhros the Formicid Summoner began the quest for the Orb.
     0 | D:1      | Reached XP level 1. HP: 13/13 MP: 3/3
    70 | D:1      | Found a shattered altar of Ashenzari.
   160 | D:1      | Reached XP level 2. HP: 19/19 MP: 5/5
   310 | D:2      | Noticed Robin
   345 | D:2      | Found a sacrificial altar of Ru.
   372 | D:2      | Became a worshipper of Ru the Awakened
   416 | D:2      | Found an oddly glowing altar of Pakellas.
   419 | D:2      | Noticed a cyan very ugly thing
   438 | D:2      | Found a white marble altar of Elyvilon.
   547 | D:3      | Slain by a giant gecko

Skill      XL: |  1  2 |
---------------+-------+-----
Stealth        | 3 |  3.2
Dodging        | |  1.7
Spellcasting   | |  2.1
Summonings     | |  4.4

Action                   || total
-------------------------++-------
Melee: Short sword       ||    47
       Unarmed           ||     2
 Cast: Summon Small Mamm ||    14
 Abil: Dig               ||     1
  Use: Potion            ||     2
       Scroll            ||     1
 Stab: Sleeping          ||     2
Armor: Robe              ||    19
Dodge: Dodged            ||    40
